 Dungeon Crawl Stone Soup version 0.31-a0-200-gbc41564c69 (webtiles) character file.

Game seed: 6894669020564110750

396 qw the Skirmisher (level 6, -1/35 HPs)
             Began as a Deep Elf Hunter on June 25, 2023.
             Slain by an iron imp (5 damage)
             ... summoned by Eustachio
             ... on level 6 of the Dungeon.
             The game lasted 00:00:46 (1905 turns).

qw the Skirmisher (Deep Elf Hunter)                 Turns: 1905, Time: 00:00:47

Health: -1/35      AC:  4    Str: 10    XL:     6   Next: 52%
Magic:  8/8        EV: 13    Int: 14    God:
Gold:   59         SH:  0    Dex: 18    Spells: 5/5 levels left

rFire   . . .        Y - +0 shortbow (drain)
rCold   . . .        (shield currently unavailable)
rNeg    . . .        c - +0 leather armour
rPois   .            (no helmet)
rElec   .            (no cloak)
rCorr   .            (no gloves)
SInv    .            e - +0 pair of boots
Will    .....        (no amulet)
Stlth   ++           (no ring)
HPRegen 0.25/turn    (no ring)
MPRegen 0.11/turn

%: no passive effects
@: no status effects
A: no striking features
a: no special abilities


You were on level 6 of the Dungeon.
You visited 1 branch of the dungeon, and saw 4 of its levels.

You collected 59 gold pieces.


   Skills:
 - Level 2.1 Fighting
 + Level 9.8 Ranged Weapons
 - Level 3.3 Dodging
 - Level 1.2 Stealth


You had 5 spell levels left.
You didn't know any spells.
Your spell library was empty.

Inventory:

Hand Weapons
 Y - a +0 shortbow of draining (weapon)
Armour
 c - a +0 leather armour (worn)
 e - a +0 pair of boots (worn)
Potions
 f - 2 potions of brilliance {unknown}

Dungeon Overview and Level Annotations

Branches:
Dungeon (6/15)
 Temple: D:4-7

Altars:

Shops:
D:1 (

Annotations:
D:6 Eustachio


Message History

The arrow hits Eustachio but does no damage.
Eustachio is heavily wounded.
You shoot an arrow.
The arrow hits Eustachio but does no damage.
You drain Eustachio.
Eustachio is heavily wounded.
You shoot an arrow. The arrow hits Eustachio.
You drain Eustachio.
Eustachio is severely wounded.
Eustachio zaps a wand.
The puff of flame hits you.
You shoot an arrow. The arrow barely misses Eustachio.
You shoot an arrow. The arrow barely misses Eustachio.
Eustachio gestures wildly while chanting.
You shoot an arrow. The arrow hits the iron imp!
The iron imp is heavily wounded.
Eustachio zaps a wand.
The puff of flame hits you.
You shoot an arrow. The arrow hits the ufetubus.
The ufetubus is almost dead.
The ufetubus hits you. The ufetubus closely misses you.
You shoot an arrow. The arrow closely misses the ufetubus.
The ufetubus misses you. x2; The ufetubus closely misses you. x2
The iron imp hits you.
You shoot an arrow. The arrow misses the ufetubus.
The quasit misses you. The quasit barely misses you.
The quasit claws you but does no damage.
The ufetubus misses you. The ufetubus hits you. The iron imp hits you.
The quasit misses you. The quasit closely misses you.
The quasit claws you but does no damage.
You shoot an arrow.
The arrow completely misses the ufetubus.
The ufetubus hits you. The ufetubus barely misses you.
The quasit barely misses you. The quasit completely misses you.
The quasit claws you but does no damage.
Eustachio casts a spell.
Eustachio blinks!
The ufetubus closely misses you. The ufetubus barely misses you.
You shoot an arrow. The arrow hits the ufetubus!
You kill the ufetubus!
The ufetubus disappears in a puff of smoke!
The iron imp hits you.
You die...

.....#
......#
.......
...!)..##
........##
.........#
......ยค5.##
......5@..#
..@....##..#
.....(# ..#
$..... ...
..... ...
.###. .. # .


You could see Eustachio (very drained), an iron imp (summoned) and a quasit
(summoned).

Vanquished Creatures
  A scorpion (D:6)
  5 wights (D:6)
  4 adders
  4 worms
  A dart slug (D:2)
  An orc (D:6)
  4 endoplasms
  2 giant cockroaches
  3 goblins (D:2)
  3 hobgoblins
  2 quokkas
  4 ball pythons
  3 bats
  A frilled lizard (D:2)
  3 kobolds
  3 rats
44 creatures vanquished.

Notes
Turn   | Place    | Note
-------+----------+-------------------------------------------
     0 | D:1      | qw the Deep Elf Hunter began the quest for the Orb.
     0 | D:1      | Reached XP level 1. HP: 12/12 MP: 3/3
     0 | D:1      | 0 ||| qw: Version: 0.3-a-22-g0ed2b0b
     0 | D:1      | 0 ||| qw: Game counter: 5695
     0 | D:1      | 0 ||| qw: Melee chars always use a shield: true
     0 | D:1      | 0 ||| qw: God list: Okawaru
     0 | D:1      | 0 ||| qw: Allow faded altars: false
     0 | D:1      | 0 ||| qw: Do Orc after clearing Dungeon:15 true
     0 | D:1      | 0 ||| qw: Do second Lair branch before Depths: true
     0 | D:1      | 0 ||| qw: Lair rune preference: random
     0 | D:1      | 0 ||| qw: Goals: Normal
     0 | D:1      | 0 ||| PLANNING D:1-11
   146 | D:1      | Found Pucojuef's Weapon Shop.
   173 | D:1      | 173 ||| SHOPLISTING +3 heavy sling (275 gold, have 33).
   399 | D:1      | Reached XP level 2. HP: 16/16 MP: 4/4
   437 | D:1      | Reached skill level 6 in Ranged Weapons
   798 | D:1      | 798 ||| UPGRADING to +0 pair of boots.
   803 | D:1      | 803 ||| READING scroll labelled KIT ZUODOPSYO.
   804 | D:1      | 804 ||| READING scroll labelled QYNGAS GURCHEA.
   805 | D:1      | 805 ||| READING scroll labelled MUUSIE YNOGOEMP.
   806 | D:1      | 806 ||| READING scroll labelled VUIWIQECUI.
   807 | D:1      | 807 ||| DROPPING scroll of butterflies.
   893 | D:2      | Found a faded altar of an unknown god.
   990 | D:2      | Reached XP level 3. HP: 20/20 MP: 5/5
  1016 | D:2      | Reached skill level 7 in Ranged Weapons
  1304 | D:2      | Reached XP level 4. HP: 25/25 MP: 6/6
  1551 | D:2      | 1551 ||| READING scroll labelled NONGUEB BYOCUIS.
  1556 | D:2      | 1556 ||| READING scroll labelled IPSIYVAREI.
  1557 | D:2      | 1557 ||| READING scroll labelled ZETALE MODEN.
  1558 | D:2      | 1558 ||| READING scroll labelled SUQATE RESTRIAT.
  1559 | D:2      | 1559 ||| READING scroll labelled DUALEL TATHO.
  1671 | D:3      | You fall into a shaft and drop 3 floors!
  1678 | D:6      | Noticed a scorpion
  1683 | D:6      | Killed a scorpion
  1684 | D:6      | Reached skill level 8 in Ranged Weapons
  1684 | D:6      | Reached XP level 5. HP: 29/29 MP: 7/7
  1773 | D:6      | Reached skill level 9 in Ranged Weapons
  1804 | D:6      | Reached skill level 3 in Dodging
  1804 | D:6      | Reached XP level 6. HP: 34/34 MP: 8/8
  1883 | D:6      | Noticed Eustachio
  1903 | D:6      | HP: 6/35 [ufetubus[Eustachio] (3)]
  1905 | D:6      | Slain by an iron imp

Levels and vault maps discovered:
D:1:      saegor_arrival_simple_d, layout_basic, serial_shops,
          nicolae_shop_window_shopping, serial_park_tiny_2,
          hangedman_decor_clover_reticule
D:2:      layout_basic, shapermc_ecumenical_altar_notcrosses, nicolae_wormholes
D:3:      layout_loops_ring, serial_shops, nicolae_shop_window_shopping
D:6:      layout_cave_pods, kennysheep_okawaru_gauntlet,
          minmay_temple_entry_grid, serial_shops, shop, kennysheep_dice,
          uniq_grinder, uniq_eustachio

Skill      XL: |  1  2  3  4  5  6 |
---------------+-------------------+-----
Ranged Weapons | 6 7 8 9 |  9.8
Dodging        | 3 |  3.3
Fighting       | 2 |  2.1
Stealth        | |  1.2

Action                     |  1- 3 |  4- 6 || total
---------------------------+-------+-------++-------
   Fire: Shortbow          |    74 |    75 ||   149
    Use: Scroll            |     4 |     5 ||     9
 Armour: Leather armour    |     2 |     6 ||     8
  Dodge: Dodged            |     8 |    25 ||    33

Table legend:
 A = Non-vault XP
 B = Vault XP
 C = Vault XP percentage of total XP
 D = Non-vault monster count
 E = Vault monster count
 F = Vault count percentage of total count
                 A         B        C        D         E       F
            +---------+---------+-------+---------+---------+-------
      Total |     553 |      14 |   2.5 |      41 |       3 |   6.8
            +---------+---------+-------+---------+---------+-------
        D:1 |      19 |       0 |   0.0 |      13 |       0 |   0.0
        D:2 |      64 |      14 |  17.9 |      17 |       3 |  15.0
        D:3 |      22 |       0 |   0.0 |       4 |       0 |   0.0
        D:6 |     448 |       0 |   0.0 |       7 |       0 |   0.0
            +---------+---------+-------+---------+---------+-------
